 Dungeon Crawl Stone Soup version 0.29.1-15-g9cfb28693d (webtiles) character file.

Game seed: 7336334358893224272

207 protoss039 the Digger (level 5, 40/40 HPs)
             Began as a Demonspawn Earth Elementalist on Mar 9, 2023.
             Got out of the dungeon alive.
             The game lasted 00:01:57 (1592 turns).

protoss039 the Digger (DsEE)                        Turns: 1592, Time: 00:01:57

Health: 40/40      AC:  3    Str:  9      XL:     5   Next: 54%
Magic:  9/10       EV: 12    Int: 17 (18) God:
Gold:   42         SH:  0    Dex: 13      Spells: 7/10 levels left

rFire   . . .      SeeInvis .   f - +1 dagger (flame)
rCold   . . .      Faith    .   (no shield)
rNeg    . . .      Spirit   .   a - +0 robe
rPois   .          Reflect  .   (no helmet)
rElec   .          Harm     .   (no cloak)
rCorr   .          Rampage  .   (no gloves)
Will    +....                   (no boots)
Stlth   ++........              (no amulet)
HPRegen 0.13/turn               g - ring of willpower
MPRegen 0.12/turn               (no ring)

@: no status effects
A: foul stench 2, powered by pain 1, sharp scales 1
a: no special abilities


You escaped.
You visited 1 branch of the dungeon, and saw 2 of its levels.

You collected 42 gold pieces.

Inventory:

Hand Weapons
 f - a +1 dagger of flaming (weapon)
Missiles
 d - 13 poisoned darts (quivered)
Armour
 a - a +0 robe (worn)
Jewellery
 g - a ring of willpower (left hand)
Scrolls
 e - 2 scrolls of identify {unknown}
 h - a scroll of silence {unknown}
 j - a scroll of vulnerability {unknown}
Potions
 b - 2 potions of magic
 c - a potion of lignification {unknown}
 k - a potion of brilliance {unknown}


   Skills:
 + Level 2.9 Fighting
 - Level 1.7 Dodging
 - Level 1.7 Stealth
 + Level 3.4 Spellcasting
 - Level 0.8 Transmutations
 + Level 4.0 Earth Magic


You had 7 spell levels left.
You knew the following spells:

 Your Spells              Type           Power      Damage    Failure   Level
a - Sandblast             Erth           32%        2d9       3%          1
b - Passwall              Tmut/Erth      9%         N/A       10%         2

Your spell library contained the following spells:

 Spells                   Type           Power      Damage    Failure   Level
 Stone Arrow              Conj/Erth      18%        3d8       22%         3
 Petrify                  Tmut/Erth      11%        N/A       52%         4
 Borgnjor's Vile Clutch   Necr/Erth      4%         N/A       90%         5
 Alistair's Intoxication  Tmut/Pois      2%         N/A       98%         5
 Eringya's Noxious Bog    Tmut/Pois      2%         N/A       100%        6


Dungeon Overview and Level Annotations

Branches:
Dungeon (2/15) Zot: 10395

Altars:


Innate Abilities, Weirdness & Mutations

You sometimes emit foul miasma when damaged in melee.
You sometimes gain a little power by taking damage.
You are partially covered in razor-sharp scales. (AC +1, Slay +1)


Message History

Press: ? - help, Shift-Dir - straight line, f/p - Sigmund
Aim: Sigmund, wielding a +0 scythe and wearing a +0 robe (severely wounded, 80% to hit)
The blast of sand hits Sigmund.
Sigmund is almost dead.
Sigmund closely misses you.
Your magical contamination has completely faded away.
Unknown command.
Casting: Sandblast (safe; 5% risk of failure)
Confirm with . or Enter, or press ? or * to list all spells.
Aiming: Sandblast (safe; 5% risk of failure)
Press: ? - help, Shift-Dir - straight line, f/p - Sigmund
Aim: Sigmund, wielding a +0 scythe and wearing a +0 robe (almost dead, 80% to hit)
The blast of sand hits Sigmund.
You kill Sigmund!
You feel your strength returning.
You feel your intelligence returning.
You feel your dexterity returning.
Your Fighting skill increases to level 2!
Your Spellcasting skill increases to level 3!
Your Earth Magic skill increases to level 4!
You have reached level 4!
You feel stronger.
Your demonic ancestry asserts itself...
You begin to emit a foul stench of rot and decay.
You have reached level 5!
Your demonic ancestry asserts itself...
Your foul stench grows more powerful.
Unknown command.
c - a metallic purple potion
Things that are here:
a +0 scythe; a +0 robe; the human corpse of Sigmund
There is a stone staircase leading down here.
There is a stone staircase leading up here.
You climb upwards.
There is a stone staircase leading down here.
There is an open door here.
There is a dry fountain here.
There is an open door here.
There is a staircase leading out of the dungeon here.
Okay, then.
Are you sure you want to leave the Dungeon?
This will make you lose the game!
You have escaped!

#...'...'...'.(.# #.....
#)..#...#...#...# ######
##'###########'##
#...#...#...#.(.#
#...#...'...#...#
#...#...#...#...#
##'#######'###'##
#...#...#...#...#
#.⌠.#.⌠.'.@.#...#
#...#...#...#...#
##'#######'###'##
###...#...#...#...###
#.'...'...'.⌠.#...'.#
#.#...#...#...#...#.# #######
#.##########'######.###......
#.##########.### #....#......
#..............###....#......


There were no monsters in sight!

Vanquished Creatures
  Sigmund (D:2)
  An adder (D:2)
  2 dart slugs (D:1)
  4 ball pythons
  3 endoplasms
  2 goblins
  A hobgoblin (D:2)
  A quokka (D:1)
  2 bats
  2 frilled lizards (D:1)
  2 kobolds
  8 rats
29 creatures vanquished.

Notes
Turn   | Place    | Note
-------+----------+-------------------------------------------
     0 | D:1      | protoss039 the Demonspawn Earth Elementalist began the
                  | quest for the Orb.
     0 | D:1      | Reached XP level 1. HP: 13/13 MP: 3/3
   340 | D:1      | Gained mutation: You sometimes gain a little power by
                  | taking damage. [demonic ancestry]
   340 | D:1      | Reached XP level 2. HP: 19/20 MP: 3/5
   587 | D:1      | Reached skill level 3 in Earth Magic
   608 | D:1      | Found a faded altar of an unknown god.
   612 | D:1      | Reached skill level 1 in Fighting
  1020 | D:2      | Learned a level 2 spell: Passwall
  1235 | D:2      | Gained mutation: You are partially covered in razor-sharp
                  | scales. (AC +1, Slay +1) [demonic ancestry]
  1235 | D:2      | Reached XP level 3. HP: 17/26 MP: 3/6
  1501 | D:2      | Noticed Sigmund
  1524 | D:2      | Killed Sigmund
  1525 | D:2      | Reached skill level 4 in Earth Magic
  1525 | D:2      | Gained mutation: You may rarely emit foul miasma when
                  | damaged in melee. [demonic ancestry]
  1525 | D:2      | Reached XP level 4. HP: 34/34 MP: 1/9
  1525 | D:2      | Gained mutation: You sometimes emit foul miasma when
                  | damaged in melee. [demonic ancestry]
  1525 | D:2      | Reached XP level 5. HP: 40/40 MP: 1/10
  1592 | D:$      | Got out of the dungeon alive.

Illustrated notes

Levels and vault maps discovered:
D:1:      co_arrival_random_square_maze, layout_basic,
          ebering_ecumenical_altar_webs
D:2:      minmay_diamond_boxcup, layout_rooms, basic_altar, uniq_sigmund

Skill      XL: |  1  2  3 |
---------------+----------+-----
Earth Magic    | 3 4 |  4.0
Fighting       | 1 2 |  2.9
Spellcasting   | 3 |  3.4
Dodging        | |  1.7
Stealth        | |  1.7
Transmutations | |  0.8

Action                   |  1- 3 |  4- 6 || total
-------------------------+-------+-------++-------
Melee: Dagger            |    40 |       ||    40
 Cast: Sandblast         |    29 |       ||    29
  Use: Potion            |     2 |       ||     2
 Stab: Sleeping          |     1 |       ||     1
Armor: Robe              |     8 |       ||     8
Dodge: Dodged            |    55 |       ||    55
